 Dungeon Crawl Stone Soup version 0.30.1-8-g117510f58f (webtiles) character file.

Game seed: 12818432681086653975

391 ChiefBigBeans the Trooper (level 6, -3/56 HPs)
             Began as an Armataur Fighter on Sept 24, 2023.
             Slain by a gnoll bouda
             ... wielding a +0 whip
              (7 damage)
             ... on level 5 of the Dungeon.
             The game lasted 00:08:05 (3558 turns).

ChiefBigBeans the Trooper (Armataur Fighter)        Turns: 3558, Time: 00:08:06

Health: -3/56      AC:  6    Str: 21    XL:     6   Next: 50%
Magic:  6/6        EV:  7    Int:  8    God:
Gold:   91         SH:  5    Dex: 18    Spells: 5/5 levels left

rFire   . . .        n - +2 dagger (venom)
rCold   . . .        c - +0 buckler
rNeg    . . .        b - +0 scale mail
rPois   .            t - +0 hat
rElec   .            (no cloak)
rCorr   .            (no gloves)
SInv    .            (no barding)
Will    .....        (no amulet) Stlth
                     p - +6 ring of dexterity
HPRegen 0.29/turn    (no ring)
MPRegen 0.10/turn

%: roll
@: no status effects
A: large, rugged brown scales 3, deformed body, armoured tail, roll, long
tongue, awkward tongue
a: no special abilities


You were on level 5 of the Dungeon.
You visited 1 branch of the dungeon, and saw 5 of its levels.

You collected 196 gold pieces.
You spent 105 gold pieces at shops.

Inventory:

Hand Weapons
 a - a +0 flail of protection
 g - a +1 dagger of draining
 n - a +2 dagger of venom (weapon)
 s - a +2 spear of venom
Missiles
 v - a throwing net (quivered)
Armour
 b - a +0 scale mail (worn)
 c - a +0 buckler (worn)
 t - a +0 hat (worn)
Jewellery
 p - a +6 ring of dexterity (left hand)
 u - an amulet of the acrobat
Wands
 m - a wand of paralysis (6)
Scrolls
 e - 3 scrolls of immolation
 j - a scroll of enchant weapon
 o - a scroll of magic mapping
 r - 2 scrolls of enchant armour {unknown}
 w - a scroll of poison {unknown}
 x - 2 scrolls of noise {unknown}
Potions
 d - 2 potions of might
 f - 2 potions of magic
 h - a potion of mutation
 i - a potion of berserk rage {unknown}
 k - 2 potions of flight
 l - a potion of curing
 q - a potion of brilliance


   Skills:
 + Level 4.5 Fighting
 + Level 3.3 Short Blades
 - Level 1.9 Maces & Flails
 + Level 3.0 Throwing
 - Level 3.6 Armour
 - Level 3.2 Shields


You had 5 spell levels left.
You didn't know any spells.
Your spell library was empty.

Dungeon Overview and Level Annotations

Branches:
Dungeon (5/15)
 Temple: D:4-7

Altars:
Elyvilon

Shops:
D:3 ?   D:4 (*


Innate Abilities, Weirdness & Mutations

You are completely covered in rugged brown scales. (AC +3, +7% HP)
Armour fits poorly on your strangely shaped body.
You have a long armoured tail.
You roll when moving toward enemies. (Rampage)
Your long tongue fully drains potion bottles. (2x potion effects)
Your tongue gives you trouble enunciating. (1.5x scroll delay)


Message History

The iguana bites you but does no damage.
The gnoll bouda hits you with a +0 whip!
The gnoll hits you with a +0 club.
You hit the gnoll bouda.
The gnoll bouda is poisoned.
Your tail-slap misses the gnoll bouda.
The gnoll bouda is lightly wounded.
The gnoll barely misses you.
The iguana bites you but does no damage.
The gnoll bouda completely misses you. The gnoll hits you but does no damage.
You hit the gnoll bouda but do no damage.
The gnoll bouda is lightly wounded.
The gnoll hits you but does no damage.
You hit the gnoll bouda.
The gnoll bouda looks as sick as possible!
The gnoll bouda is moderately wounded.
The iguana bites you. The gnoll bouda completely misses you.
The gnoll hits you but does no damage. The gnoll closely misses you.
You hit the gnoll bouda but do no damage.
The gnoll bouda is moderately wounded.
The iguana bites you but does no damage.
The gnoll bouda hits you with a +0 whip!
The gnoll hits you with a +0 club. You block the gnoll's attack.
You are too injured to fight recklessly!
You are too injured to fight recklessly!
You closely miss the gnoll.
The iguana bites you but does no damage.
You block the gnoll bouda's attack. The gnoll hits you but does no damage.
The gnoll barely misses you.
You hit the gnoll.
The gnoll is moderately wounded.
The gnoll bouda hits you with a +0 whip.
The iguana barely misses you. The gnoll hits you with a +0 club.
You hit the gnoll.
The gnoll is poisoned.
The gnoll is severely wounded.
The gnoll hits you from afar with a +0 halberd!
* * * LOW HITPOINT WARNING * * *
The iguana bites you.
* * * LOW HITPOINT WARNING * * *
The gnoll bouda hits you with a +0 whip!
You die...

.# #.#
#... ...
#.#.# #.#
........
#.#.#.##
......
#.#.#.#l##
#....Sg@<#
#.#.#g#g##
......
#.#.#.##
........
##### ##.
#


You could see a gnoll bouda (extremely poisoned), an iguana, 2 gnolls and an
adder.

Vanquished Creatures
  A phantom (D:4)
  2 scorpions (D:4)
  3 iguanas (D:4)
  2 gnolls (D:5)
  3 adders
  4 dart slugs
  An orc (D:3)
  6 endoplasms
  5 goblins
  8 hobgoblins
  6 jackals
  3 kobolds
  3 quokkas (D:2)
  5 ball pythons
  2 bats (D:2)
  4 frilled lizards
  10 rats
68 creatures vanquished.

Notes
Turn   | Place    | Note
-------+----------+-------------------------------------------
     0 | D:1      | ChiefBigBeans the Armataur Fighter began the quest for the
                  | Orb.
     0 | D:1      | Reached XP level 1. HP: 19/19 MP: 1/1
   188 | D:1      | Reached skill level 3 in Fighting
   188 | D:1      | Reached XP level 2. HP: 27/27 MP: 2/2
   203 | D:1      | Reached skill level 1 in Short Blades
   483 | D:1      | Reached XP level 3. HP: 33/33 MP: 3/3
  1034 | D:2      | Reached skill level 1 in Throwing
  1259 | D:2      | Reached XP level 4. HP: 35/40 MP: 4/4
  1358 | D:2      | You fall into a shaft and drop 2 floors!
  1390 | D:4      | Noticed a phantom
  1440 | D:4      | HP: 2/40 [phantom (6)]
  1441 | D:4      | Killed a phantom
  1442 | D:4      | Reached XP level 5. HP: 3/49 MP: 5/5
  2039 | D:3      | Found a white marble altar of Elyvilon.
  2279 | D:3      | Found Edgh's Magic Scroll Boutique.
  2287 | D:3      | Bought a scroll of enchant weapon for 105 gold pieces
  2675 | D:4      | Found Bare's Weapon Emporium.
  2835 | D:4      | Reached skill level 4 in Fighting
  2943 | D:4      | Found Hekowom's CLEARANCE SALE!.
  3106 | D:4      | Reached XP level 6. HP: 53/56 MP: 6/6
  3544 | D:5      | Entered Level 5 of the Dungeon
  3558 | D:5      | Slain by a gnoll bouda

Illustrated notes

Levels and vault maps discovered:
D:1:      dpeg_arrival_signposts, layout_basic
D:2:      layout_loops_corners, grunt_ministairs_2
D:3:      layout_loops_ring, nicolae_elyvilon_temple_path, serial_shops,
          nicolae_shop_hallway_stairs
D:4:      layout_basic, portal_sewer_entry_b, serial_shops, shop,
          nicolae_shop_clearance
D:5:      layout_loops_ring, evilmike_ruin_ashenzari, temple_hall, st_stairs_12,
          serial_bayou_ford_a, uniq_ijyb

Skill      XL: |  1  2  3  4  5  6 |
---------------+-------------------+-----
Fighting       | 3 4 |  4.5
Short Blades   | 1 2 3 |  3.3
Throwing       | 1 2 3 |  3.0
Maces & Flails | |  1.9
Armour         | |  3.6
Shields        | |  3.2

Action                     |  1- 3 |  4- 6 || total
---------------------------+-------+-------++-------
  Melee: Dagger            |    67 |   130 ||   197
         Flail             |     3 |       ||     3
         Tailslap          |     9 |    19 ||    28
  Throw: Boomerang         |    19 |       ||    19
    Use: Scroll            |       |    11 ||    11
         Potion            |       |     3 ||     3
 Armour: Scale mail        |    35 |    42 ||    77
  Dodge: Dodged            |    22 |    31 ||    53
  Block: Buckler           |    18 |    27 ||    45
